[Event "*** Titled Tuesday Blitz"]
[Site "Chess.com"]
[Date "2020.11.24"]
[Round "7"]
[White "MrChampion_Coach"]
[Black "tteshan"]
[Result "1-0"]
[WhiteElo "2522"]
[BlackElo "2372"]
[TimeControl "180+1"]
[EndTime "11:34:56 PST"]
[Termination "MrChampion_Coach won by resignation"]

1. d4 d5 2. Nf3 Nf6 3. c4 dxc4 4. e3 Bg4 5. Nbd2 b5 6. h3 Bh5 7. g4 Bg6 8. Bg2 c6 9. Ne5 Qc7 10. a4 b4 11. Ndxc4 e6 12. Bd2 Be7 13. Rc1 a5 14.
Nxc6 Nxc6 15. Ne5 O-O 16. Rxc6 Qd8 17. Nxg6 hxg6 18. O-O Rc8 19. Qc2 Qd7 20. Rc1 Rcd8 21. Rc7 Qd6 22. Qd3 e5 23. R1c6 e4 24. Bxe4 Nxe4 25.
Qxe4 Rfe8 26. Rxd6 Bxd6 27. Qb7 Bxc7 28. Qxc7 Kf8 29. Qxa5 Rc8 30. Bxb4+ Kg8 31. Bc5 Ra8 32. Qb5 Reb8 33. Bb6 Rb7 34. a5 Rab8 35. Kg2 Kh7 36. b4 Kg8 37. g5 Kh7 38. h4 Kg8 39. d5 Kh7 40. d6 Kg8 41. d7 Kf8 42. Qc5+ Kg8 43.
Qc8+ 1-0

[Event "*** Titled Tuesday Blitz"]
[Site "Chess.com"]
[Date "2020.11.24"]
[Round "7"]
[White "lefonghua"]
[Black "CM_rui"]
[Result "1-0"]
[WhiteElo "2514"]
[BlackElo "2371"]
[TimeControl "180+1"]
[EndTime "11:34:56 PST"]
[Termination "lefonghua won by resignation"]

1. d4 Nf6 2. c4 e6 3. Nc3 Bb4 4. f3 O-O 5. a3 Bxc3+ 6. bxc3 d5 7. cxd5 exd5 8. e3 Bf5 9. Bd3 Bxd3 10. Qxd3 Nbd7 11.
Ne2 Re8 12. O-O Nb6 13. Ng3 Nc4 14. e4 c6 15. e5 Nd7 16. f4 Nf8 17. f5 f6 18. e6 Nd6 19. Bf4 Rc8 20. Qf3 Nc4 21. Qg4 Qe7 22. a4 Kh8 23. Rf3 c5 24. Nh5 cxd4 25.
cxd4 g6 26. fxg6 Nxg6 27. Re1 Rg8 28. Qh3 Nxf4 29. Rxf4 Nd2 30. Nxf6 Rg7 31. Nxd5 Qg5 32. e7 Re8 33. Rf8+ Rg8 34. Rxg8+ Kxg8 35. Qe6+ Kh8 36.
Qe5+ Qg7 37. Qxg7+ Kxg7 38. Nc7 Rc8 39. e8=Q Rxe8 40.
Nxe8+ 1-0

[Event "*** Titled Tuesday Blitz"]
[Site "Chess.com"]
[Date "2020.11.24"]
[Round "7"]
[White "Satscho"]
[Black "googlegoom"]
[Result "1-0"]
[WhiteElo "2349"]
[BlackElo "2465"]
[TimeControl "180+1"]
[EndTime "11:34:57 PST"]
[Termination "Satscho won by resignation"]

1. e4 c5 2. Nf3 Nc6 3. d4 cxd4 4. Nxd4 Qb6 5. Nb3 Nf6 6. Nc3 e6 7. Qe2 a6 8. Be3 Qc7 9. O-O-O d6 10. g4 h6 11. h4 b5 12. a3 Bb7 13. Bg2 b4 14. axb4 Nxb4 15. g5 hxg5 16. hxg5 Rxh1 17. Rxh1 Nd7 18. f4 g6 19. Rh7 Rc8 20. f5 Ne5 21. fxe6 Qc4 22. exf7+ Nxf7 23. Qf2 Qxb3 24. cxb3 Nd3+ 25.
Kd2 Nxf2 26. Bxf2 Bc6 27. Bh3 Rd8 28. Be3 Be7 29. Be6 Ne5 30. Ke2 Bd7 31. Bd5 Bg4+ 32. Kf2 Bf8 33. Na4 Rd7 34. Rh1 Bg7 35. Rc1 Nf7 36.
Kg3 Bh5 37. Nb6 Rd8 38. Rc7 Ne5 39. Rxg7 Nd3 40. Be6 Nxb2 41. Nd5 1-0

[Event "*** Titled Tuesday Blitz"]
[Site "Chess.com"]
[Date "2020.11.24"]
[Round "7"]
[White "onetowin"]
[Black "SchieberSpieler"]
[Result "0-1"]
[WhiteElo "2118"]
[BlackElo "2339"]
[TimeControl "180+1"]
[EndTime "11:34:57 PST"]
[Termination "SchieberSpieler won by resignation"]

1. d4 d5 2. Nf3 Nf6 3. g3 Bf5 4. Bg2 e6 5. O-O h6 6. c4 c6 7. Nc3 Nbd7 8. Qb3 Qb6 9. c5 Qa6 10.
Bf4 b6 11. cxb6 axb6 12. Ne5 Nxe5 13. Bxe5 Be7 14. Rac1 O-O 15. h4 Rfc8 16. a3 c5 17.
dxc5 bxc5 18. Qd1 Qb7 19. Qd2 Ra6 20. f3 d4 21. Bxf6 Bxf6 22. Ne4 Be7 23. Rc4 Rb6 24. b4 cxb4 25. Rxc8+ Qxc8 26. axb4 Rxb4 27. Rc1 Qb7 28. Qc2 e5 29. Nf6+ gxf6 30. Qxf5 Qb6 31. Rc8+ Bd8 32. Qd7 d3+ 33. Kh2 Rd4 34. Rxd8+ Qxd8 35. Qxd8+ Rxd8 36. exd3 Rxd3 37. g4 Kg7 38. Kg3 Ra3 39.
Bf1 e4 40. Be2 f5 41. gxf5 Kf6 42. Kf4 exf3 43. Bxf3 Ra4+ 44. Be4 Rb4 45. Kf3 Ke5 0-1

[Event "*** Titled Tuesday Blitz"]
[Site "Chess.com"]
[Date "2020.11.24"]
[Round "7"]
[White "Ariadna_Atreides"]
[Black "mr65"]
[Result "1/2-1/2"]
[WhiteElo "2100"]
[BlackElo "2197"]
[TimeControl "180+1"]
[EndTime "11:34:57 PST"]
[Termination "Game drawn by repetition"]

1. d4 Nf6 2. Nf3 g6 3. c4 Bg7 4.
Nc3 d6 5. e4 O-O 6. Be2 Na6 7.
O-O e5 8. Re1 exd4 9. Nxd4 Nc5 10. Bf1 Re8 11. f3 a5 12. Be3 c6 13. Bf2 Qb6 14. Nb3 a4 15. Nxc5 dxc5 16. Nxa4 Qc7 17. Nxc5 b6 18. Nb3 c5 19. Qc2 Bd7 20. Bg3 Qb7 21.
Bd3 Nh5 22. Re2 Nxg3 23. hxg3 Qc7 24. f4 Ba4 25. e5 f6 26. Be4 Rad8 27. Bd5+ Kh8 28.
e6 f5 29. Rae1 Bd4+ 30. Kf1 Qg7 31. e7 Rxd5 32. cxd5 Qh6 33. Re3 Bxe3 34. Rxe3 Qh1+ 35. Kf2 Qa1 36. Qc3+ Kg8 37. d6 Qxa2 38. d7 Bxd7 39.
Qc4+ Kg7 40. Qc3+ Kh6 41. Re2 Qb1 42. Qf6 Qd3 43. Qf8+ Kh5 44. Qf6 Kh6 45. Qf8+ Kh5 46. Qf6 Kh6 1/2-1/2

[Event "*** Titled Tuesday Blitz"]
[Site "Chess.com"]
[Date "2020.11.24"]
[Round "7"]
[White "petrpalachev"]
[Black "Savva09022009"]
[Result "1-0"]
[WhiteElo "2728"]
[BlackElo "2543"]
[TimeControl "180+1"]
[EndTime "11:34:58 PST"]
[Termination "petrpalachev won by checkmate"]

1. b3 e5 2. Bb2 Nc6 3. e3 a6 4. c4 f5 5. Nc3 Nf6 6. g3 d5 7.
cxd5 Nxd5 8. Nxd5 Qxd5 9. Nf3 e4 10. Nd4 Nxd4 11. Bxd4 Be6 12. Bc4 Qd7 13. Qc2 Bxc4 14. Qxc4 Bd6 15. O-O Qf7 16. f3 Qxc4 17. bxc4 c5 18.
Bxg7 Rg8 19. Bc3 h5 20. fxe4 fxe4 21. Rf6 Kd7 22. Rb1 Rab8 23. a4 h4 24. Rf7+ Kc6 25.
a5 b5 26. axb6 hxg3 27. h3 Rxb6 28. Ra1 g2 29. Rg7 Rxg7 30. Bxg7 Kb7 31. Kxg2 Be7 32. Bc3 Rg6+ 33. Kf2 Bh4+ 34. Ke2 Rg2+ 35. Kd1 Rh2 36.
Rb1+ Ka7 37. Kc2 Rxh3 38. Rf1 Rf3 39. Rh1 Bd8 40. Rh8 Bc7 41. Re8 a5 42. Rxe4 a4 43. Re6 Rf1 44. Kb2 Rf2 45. Ka3 Rh2 46. Kxa4 Rh4 47. Kb5 Rh5 48. Rc6 Kb7 49. Rxc5 Rh1 50.
Rg5 Rb1+ 51. Kc5 Bd8 52. Rg7+ Kc8 53. e4 Bb6+ 54. Kc6 Bd8 55. c5 Rf1 56. e5 Rh1 57. e6 Rh6 58. Kd6 Rh3 59. e7 Rd3+ 60. Kc6 Bxe7 61. Rxe7 Kd8 62. Bf6 Rf3 63. Re6+ Rxf6 64.
Rxf6 Ke7 65. Rd6 Ke8 66. Kd5 Ke7 67. c6 Ke8 68. c7 Ke7 69. c8=Q Kf7 70. Qc7+ Kf8 71.
Rd8# 1-0

[Event "*** Titled Tuesday Blitz"]
[Site "Chess.com"]
[Date "2020.11.24"]
[Round "7"]
[White "mbachez"]
[Black "Tpros"]
[Result "1-0"]
[WhiteElo "2444"]
[BlackElo "2587"]
[TimeControl "180+1"]
[EndTime "11:34:58 PST"]
[Termination "mbachez won on time"]

1. e4 c5 2. Nf3 a6 3. g3 d6 4.
Bg2 Nc6 5. O-O e5 6. c3 Bg4 7. h3 Bxf3 8. Qxf3 Nf6 9. d3 Be7 10. Nd2 b5 11. Rd1 O-O 12. Nf1 Rb8 13. a4 b4 14. Ne3 bxc3 15. bxc3 g6 16. Nc4 Na5 17. Bh6 Re8 18. Ne3 Rb3 19. Rdc1 Nc6 20. Bg5 Nh5 21. Bxe7 Nxe7 22. Qe2 Qa5 23. Qc2 Reb8 24. Nc4 Qc7 25. Rcb1 Rxb1+ 26. Rxb1 Nf6 27. h4 Nd7 28. h5 Kg7 29. Qc1 h6 30. hxg6 fxg6 31. Bh3 Nb6 32. Qb2 Nd7 33. Qa2 Nb6 34. Ne3 a5 35. Qe6 Ng8 36. Rb5 Nxa4 37. Rxb8 Qxb8 38. Qd7+ Kh8 39. Qxa4 Qb1+ 40. Kg2 Qxd3 41. Nd5 h5 42.
Be6 1-0

[Event "*** Titled Tuesday Blitz"]
[Site "Chess.com"]
[Date "2020.11.24"]
[Round "7"]
[White "Snegokhod"]
[Black "SamuelGhimpu2003"]
[Result "1-0"]
[WhiteElo "2439"]
[BlackElo "2592"]
[TimeControl "180+1"]
[EndTime "11:34:58 PST"]
[Termination "Snegokhod won by resignation"]

1. d4 Nf6 2. c4 g6 3. Nc3 d5 4.
cxd5 Nxd5 5. e4 Nxc3 6. bxc3 Bg7 7. Be3 c5 8. Qd2 O-O 9. Rc1 e5 10. d5 Nd7 11. c4 b6 12. h4 Nf6 13. f3 Nh5 14. Bd3 f5 15. Bg5 Qd6 16. Be3 fxe4 17. Bxe4 Ng3 18. Rh2 Nxe4 19. fxe4 Bg4 20. Nh3 Rf7 21. Nf2 Bd7 22. h5 Raf8 23. hxg6 Qxg6 24. Kf1 Qxe4 25. Kg1 Qg6 26. Nh3 e4 27. Ng5 Be5 28.
Nxf7 Bxh2+ 29. Kxh2 Rxf7 30. Bf4 Rf5 31. Rc3 Rh5+ 32.
Kg1 Kf8 33. Rg3 Qf7 34. Bd6+ Ke8 35. Qe3 Bf5 36. Qf4 Kd7 37. Bb8 Kc8 38. Bxa7 Kb7 39.
Qb8+ 1-0

[Event "*** Titled Tuesday Blitz"]
[Site "Chess.com"]
[Date "2020.11.24"]
[Round "7"]
[White "Nuvas"]
[Black "albi1999"]
[Result "0-1"]
[WhiteElo "2420"]
[BlackElo "2594"]
[TimeControl "180+1"]
[EndTime "11:34:58 PST"]
[Termination "albi1999 won by resignation"]

1. d4 Nf6 2. c4 e6 3. Nc3 d5 4.
cxd5 Nxd5 5. e4 Nxc3 6. bxc3 c5 7. Nf3 cxd4 8. cxd4 Bb4+ 9. Bd2 Bxd2+ 10. Qxd2 O-O 11. Rc1 b6 12. Bd3 Bb7 13. Qe3 Nd7 14. e5 Rc8 15. O-O Rxc1 16. Rxc1 Bxf3 17. Qxf3 Nb8 18.
Qe4 g6 19. Bb5 Qe7 20. d5 exd5 21. Qxd5 Rd8 22. Qe4 Nd7 23. Rc7 Nc5 24. Rxe7 Rd1+ 25. Bf1 Nxe4 26. g3 Nd2 27. Kg2 Rxf1 28. Rd7 Rd1 29.
f4 Nc4 30. Rxa7 Rd2+ 31. Kh3 h5 32. Rc7 b5 33. Rc5 Rxa2 34. Rxb5 Ne3 35. e6 fxe6 36. Rb7 Nf5 37. Rc7 Re2 38. Rb7 e5 39. fxe5 Rxe5 40. Rc7 Re7 41. Rc6 Kg7 42. Rb6 Kh6 43. Rb2 Kg5 44. Kg2 Ne3+ 45. Kh3 Ng4 46. Rb5+ Re5 47. Rb2 Rf5 48. Kg2 Rc5 49. h3 Rc2+ 50. Rxc2 Ne3+ 51.
Kf3 Nxc2 52. Ke4 Na3 53. Kf3 Nc4 54. Ke4 Nd6+ 55. Kf3 Nf5 56. Kf2 Kf6 57. Kf3 Ne7 58.
Kf4 g5+ 59. Kf3 Ke5 60. Ke3 Nf5+ 61. Kf3 Nd6 62. g4 h4 0-1

[Event "*** Titled Tuesday Blitz"]
[Site "Chess.com"]
[Date "2020.11.24"]
[Round "7"]
[White "PowerThinking2650"]
[Black "PLAYER_2006_M"]
[Result "1-0"]
[WhiteElo "2380"]
[BlackElo "2485"]
[TimeControl "180+1"]
[EndTime "11:34:58 PST"]
[Termination "PowerThinking2650 won by resignation"]

1. e4 e5 2. Nf3 Nc6 3. Nc3 Nf6 4. d4 exd4 5. Nxd4 Bb4 6. Nxc6 bxc6 7. Bd3 d5 8. exd5 O-O 9. O-O cxd5 10. Bg5 c6 11.
Qf3 h6 12. Bxf6 Qxf6 13. Qxf6 gxf6 14. Ne2 Rb8 15. Ng3 Bd6 16. b3 Be6 17. Nf5 Bxf5 18. Bxf5 Bb4 19. Rad1 Rbd8 20. Rd3 Rfe8 21. Rd4 Bc3 22.
Ra4 a5 23. Rg4+ Kf8 24. g3 Re5 25.
Bh7 Rg5 26. Rf4 Re8 27. Bf5 Re5 28. Bd7 c5 29. Rf3 d4 30. Rxc3 dxc3 31. f4 Rd5 32.
fxg5 Rxd7 33. gxh6 Rd2 34. Rf2 Rd1+ 35. Kg2 Ra1 36. Rf3 Rxa2 37. Rxc3 Kg8 38. Rxc5 Kh7 39. Rc6 Kxh6 40. Rxf6+ Kg5 41. Rxf7 Rxc2+ 42. Rf2 Rc3 43. h4+ Kh5 44. Rf5+ Kg6 45. Rxa5 Rxb3 46. Kh3 Rb4 47. h5+ Kh6 48. g4 Rb1 49. Ra6+ Kg5 50. Rg6+ Kf4 51.
h6 Rh1+ 52. Kg2 Rh4 53. g5 Kf5 54. Rg7 Rh5 55. h7 Kg4 56. g6 Ra5 57. Rg8 Ra2+ 58.
Kf1 Ra1+ 59. Ke2 Ra2+ 60. Kd3 Ra3+ 61. Kc4 1-0

[Event "*** Titled Tuesday Blitz"]
[Site "Chess.com"]
[Date "2020.11.24"]
[Round "7"]
[White "gumimis"]
[Black "esskeettit"]
[Result "1-0"]
[WhiteElo "2301"]
[BlackElo "2456"]
[TimeControl "180+1"]
[EndTime "11:34:58 PST"]
[Termination "gumimis won by resignation"]

1. e4 c5 2. Nf3 Nc6 3. d4 cxd4 4. Nxd4 g6 5. c4 Nf6 6. Nc3 d6 7. Be2 Nxd4 8. Qxd4 Bg7 9. O-O O-O 10. Bg5 Be6 11. Qe3 Qa5 12. Nd5 Bxd5 13. exd5 Rfe8 14. h4 b5 15. b3 bxc4 16. bxc4 e6 17. Qf3 Nd7 18. dxe6 fxe6 19. Rae1 Qxa2 20. h5 Ne5 21. Qh3 Qa5 22. f4 Nf7 23. hxg6 hxg6 24. Bg4 Qc5+ 25. Kh1 Qxc4 26. Bxe6 Qc3 27. Bxf7+ Kxf7 28. Qd7+ Kg8 29.
Rxe8+ Rxe8 30. Qxe8+ Kh7 31. Qe2 Qg3 32. Rf3 Qg4 33.
Rh3+ Kg8 34. Qxg4 1-0

[Event "*** Titled Tuesday Blitz"]
[Site "Chess.com"]
[Date "2020.11.24"]
[Round "7"]
[White "KononenkoD"]
[Black "Chernov_Mikhail"]
[Result "1-0"]
[WhiteElo "2487"]
[BlackElo "2335"]
[TimeControl "180+1"]
[EndTime "11:34:59 PST"]
[Termination "KononenkoD won by resignation"]

1. d4 d5 2. c4 Nc6 3. Nf3 Bg4 4.
c5 Nf6 5. Nc3 g6 6. h3 Bxf3 7.
gxf3 Bg7 8. Bf4 O-O 9. e3 b6 10.
Bb5 Nb8 11. b4 a5 12. a3 axb4 13. axb4 Rxa1 14. Qxa1 bxc5 15. bxc5 c6 16. Bd3 Nbd7 17. O-O Nh5 18. Bh2 e5 19. Ne2 exd4 20. exd4 Nxc5 21. Bc2 Ne6 22. Qc1 Qh4 23. Kg2 Ng5 24. Ng1 Bxd4 25. Bg3 Nxg3 26. fxg3 Qh5 27. Bd1 Bxg1 28. h4 Ra8 29.
Qxg5 Qxg5 30. hxg5 Bd4 31. f4 Ra2+ 32. Kf3 c5 33. Kg4 c4 34. Bf3 Ra5 35. Rd1 c3 36. Be2 c2 37. Rc1 Rc5 38. Bd3 Rc3 39. Bxc2 Bf2 40. f5 Rxg3+ 41. Kf4 Rc3 42. Ke5 Be3 43. Rb1 Rxc2 44. Rb8+ 1-0

[Event "*** Titled Tuesday Blitz"]
[Site "Chess.com"]
[Date "2020.11.24"]
[Round "7"]
[White "Grandelicious"]
[Black "hansen"]
[Result "0-1"]
[WhiteElo "2836"]
[BlackElo "2949"]
[TimeControl "180+1"]
[EndTime "11:35:00 PST"]
[Termination "hansen won by resignation"]

1. Nf3 d5 2. g3 g6 3. c4 dxc4 4. Na3 Bg7 5. Nxc4 Nc6 6. d3 e5 7. Bd2 a5 8. h4 h6 9. Bc3 f6 10.
d4 e4 11. d5 Nb4 12. Nfd2 Nxd5 13. Nxe4 Nxc3 14. Qxd8+ Kxd8 15. Nxc3 Be6 16. O-O-O+ Ke7 17. Nd5+ Bxd5 18. Rxd5 f5 19. Bg2 c6 20. Rxa5 Rxa5 21. Nxa5 Nf6 22. Nxb7 Ng4 23. Na5 Nxf2 24. Rf1 Ng4 25.
Nxc6+ Ke6 26. Rf4 g5 27. Ra4 Ne3 28. Bh1 Kd6 29. Ra3 Bxb2+ 30. Kxb2 Nc4+ 31. Kb3 Nxa3 32. Kxa3 f4 33. gxf4 gxh4 34. Nd4 Kc5 35. Nf5 h3 36. Kb3 Rg8 37. Kc3 Rg1 38. Bf3 h2 39. Nxh6 Rg3 40. Ng4 Rxf3+ 41. exf3 h1=Q 42. Ne5 Qc1+ 43. Kd3 Qxf4 0-1

[Event "*** Titled Tuesday Blitz"]
[Site "Chess.com"]
[Date "2020.11.24"]
[Round "7"]
[White "anon102030"]
[Black "Chopper1905"]
[Result "0-1"]
[WhiteElo "2716"]
[BlackElo "2961"]
[TimeControl "180+1"]
[EndTime "11:35:00 PST"]
[Termination "Chopper1905 won on time"]

1. e4 Nc6 2. Nc3 e5 3. g3 Bc5 4.
Bg2 d6 5. d3 Nf6 6. Nf3 h6 7.
Be3 Be6 8. d4 exd4 9. Nxd4 Nxd4 10. Bxd4 Bxd4 11. Qxd4 Nd7 12. Qxg7 Qf6 13. Qxf6 Nxf6 14.
O-O-O h5 15. e5 dxe5 16. Bxb7 Rb8 17. Bc6+ Ke7 18. Rhe1 Rb6 19. Ba4 Ng4 20. Rd2 Rd6 21.
Rde2 Nxh2 22. f4 exf4 23. Rxh2 fxg3 24. Rh4 Rg8 25. Rxh5 Rd4 26. Bc6 a6 27. Rg1 f5 28.
Re1 Kd6 29. Rh6 Kxc6 30. Rhxe6+ Kb7 31. Ne2 Rdg4 32. Rf6 Re4 33. Kd2 g2 34. Rxf5 Rd8+ 35. Kc3 Re3+ 36. Kb4 Rxe2 37. Rg1 Rxc2 38. Rg5 Rxb2+ 39.
Ka3 Rdd2 0-1

[Event "*** Titled Tuesday Blitz"]
[Site "Chess.com"]
[Date "2020.11.24"]
[Round "7"]
[White "GMKrikor"]
[Black "ajdemipopushi"]
[Result "1-0"]
[WhiteElo "2716"]
[BlackElo "2438"]
[TimeControl "180+1"]
[EndTime "11:35:00 PST"]
[Termination "GMKrikor won on time"]

1. e4 c5 2. Nf3 g6 3. d4 cxd4 4. Nxd4 Bg7 5. c4 Nc6 6. Be3 Nf6 7. Nc3 Nxd4 8. Bxd4 Qa5 9. Bd3 d6 10. O-O O-O 11.
h3 Be6 12. Rc1 Rfc8 13. b3 a6 14. Qe2 Nd7 15. Bxg7 Kxg7 16. f4 f6 17. Nd5 Re8 18. b4 Qd8 19. a3 a5 20. Qb2 axb4 21. axb4 Bxd5 22. exd5 b6 23. Rfe1 Ra7 24. Qd4 Ra3 25.
Re3 Kf7 26. h4 Qa8 27. h5 Nf8 28. hxg6+ hxg6 29. Qxb6 Ra1 30. Ree1 Rxc1 31. Rxc1 Qa3 32. Rd1 Qb3 33. Be2 Qc2 34. Kf1 Qe4 35. Qd4 Qc2 36.
Qd2 Qa4 37. Qc3 1-0

[Event "*** Titled Tuesday Blitz"]
[Site "Chess.com"]
[Date "2020.11.24"]
[Round "7"]
[White "Harry_Rakkel"]
[Black "monalize"]
[Result "1/2-1/2"]
[WhiteElo "2479"]
[BlackElo "2354"]
[TimeControl "180+1"]
[EndTime "11:35:01 PST"]
[Termination "Game drawn by repetition"]

1. c4 e5 2. e3 Nf6 3. Nc3 d6 4. b3 g6 5. Bb2 Bg7 6. Nf3 O-O 7. d4 Nbd7 8. Be2 Re8 9. h3 c6 10. Qc2 a6 11. a4 exd4 12. exd4 a5 13. O-O Nf8 14. Rfe1 Bf5 15. Qd2 Qb6 16. Bd1 Rxe1+ 17. Qxe1 Re8 18. Qd2 Ne6 19. g4 Be4 20. Ne1 g5 21.
Ne2 Bg6 22. Bc2 d5 23. c5 Qc7 24. Ng2 Ne4 25. Bxe4 Bxe4 26. Bc3 Ra8 27. Re1 h6 28. Ng3 Bxg2 29. Kxg2 Nf4+ 30. Kh2 b6 31. cxb6 Qxb6 32. Nf5 Bf8 33. Re3 Qc7 34. Kh1 Qb6 35. Qe1 Qxb3 36.
Re8 Rxe8 37. Qxe8 Qxc3 38. Nxh6+ Kg7 39. Qxf7+ Kxh6 40. Qxf8+ Kg6 41. Qg8+ Kf6 42. Qf8+ Ke6 43. Qe8+ Kf6 44. Qf8+ Ke6 45. Qe8+ Kf6 46. Qf8+ 1/2-1/2

[Event "*** Titled Tuesday Blitz"]
[Site "Chess.com"]
[Date "2020.11.24"]
[Round "7"]
[White "Chess_Boxer123"]
[Black "andrzej"]
[Result "0-1"]
[WhiteElo "2521"]
[BlackElo "2402"]
[TimeControl "180+1"]
[EndTime "11:35:03 PST"]
[Termination "andrzej won by checkmate"]

1. Nh3 e5 2. f3 d5 3. Nf2 Nc6 4.
g3 Nf6 5. Bg2 h5 6. e4 Bc5 7.
Nc3 h4 8. d3 h3 9. Bf1 Nd4 10. Be2 c6 11. O-O dxe4 12. fxe4 Nxe2+ 13. Qxe2 Bg4 14. Qe1 Bf3 15. Be3 Bxe3 16. Qxe3 Bg2 17. Rfe1 Qb6 18. Qxb6 axb6 19. a3 b5 20. Ncd1 b4 21.
a4 b5 22. a5 Ke7 23. Ne3 g6 24. c3 bxc3 25. bxc3 Ra6 26. d4 Rha8 27. dxe5 Nxe4 28. Nxg2 Nxf2 29. Nf4 Ng4 30. e6 Rxa5 31. Rad1 R8a7 32. exf7+ Kxf7 33. Rd6 Ra2 34. Nxh3 Rc2 35. Rxc6 Raa2 36. Rc7+ Kf8 37. Nf4 Ne5 38. Rc5 Nf3+ 39. Kh1 Rxh2# 0-1

[Event "*** Titled Tuesday Blitz"]
[Site "Chess.com"]
[Date "2020.11.24"]
[Round "7"]
[White "Sanyura"]
[Black "mbojan"]
[Result "0-1"]
[WhiteElo "2527"]
[BlackElo "2699"]
[TimeControl "180+1"]
[EndTime "11:35:04 PST"]
[Termination "mbojan won by checkmate"]

1. e4 g6 2. d4 Bg7 3. c3 d6 4. Bd3 e5 5. Nf3 Nc6 6. Bg5 f6 7. Be3 Nh6 8. h3 O-O 9. O-O Nf7 10. Nbd2 f5 11. exf5 gxf5 12. dxe5 dxe5 13. Bc4 Kh8 14. Bxf7 Rxf7 15. Ng5 Rf6 16. Qh5 Qg8 17. f4 e4 18.
Nc4 Bd7 19. Ne5 Be8 20. Qh4 Rh6 21. Qg3 Rd8 22. Nxc6 bxc6 23. Rad1 Rxd1 24. Rxd1 Rd6 25. Re1 h6 26. Qh4 Qxa2 27. Bc5 Rd5 28. Bd4 Rxd4 29. cxd4 Bxd4+ 30. Kh1 Kg7 31. Nf3 exf3 32. Rxe8 Qa1+ 33. Re1 Qa2 34. Qg3+ Kf7 35. Qxf3 Qxb2 36. Qxc6 Qb4 37. Qd7+ Kg6 38. Re6+ Kh5 39. Qf7+ Kh4 40. Rxh6+ Kg3 41.
Qg6+ Kf2 42. Qxf5 Qe1+ 43. Kh2 Qg1# 0-1

[Event "*** Titled Tuesday Blitz"]
[Site "Chess.com"]
[Date "2020.11.24"]
[Round "7"]
[White "Nachsueb"]
[Black "Trickov"]
[Result "0-1"]
[WhiteElo "2181"]
[BlackElo "2358"]
[TimeControl "180+1"]
[EndTime "11:35:04 PST"]
[Termination "Trickov won by resignation"]

1. d4 d5 2. c4 c6 3. Nf3 Nf6 4. Nc3 dxc4 5. a4 Bf5 6. e3 e6 7. Bxc4 Bb4 8. O-O O-O 9. Nh4 Bg4 10. f3 Bh5 11. g4 Nd5 12. Ng2 Bg6 13. Na2 Be7 14.
e4 Nb6 15. Bb3 c5 16. a5 c4 17. Bc2 Nc8 18. Nf4 Qxa5 19. Nxg6 hxg6 20. Be3 Rd8 21.
Nc3 Qb4 22. Qc1 Nb6 23. Rd1 Nc6 24. Kg2 Na5 25. d5 exd5 26. Nxd5 Nxd5 27. exd5 Nb3 28. Bxb3 Qxb3 29. Bf4 Bf6 30. Rd2 c3 31. bxc3 Qxc3 32. Rc2 Qxa1 33. Qd2 Qd4 34. Qe2 Qxd5 35. Rc7 a5 36. h4 g5 37. hxg5 Bxg5 38. Bg3 Qd2 0-1

[Event "*** Titled Tuesday Blitz"]
[Site "Chess.com"]
[Date "2020.11.24"]
[Round "7"]
[White "TrickyFortem"]
[Black "MokshanovAlexey"]
[Result "1/2-1/2"]
[WhiteElo "2502"]
[BlackElo "2618"]
[TimeControl "180+1"]
[EndTime "11:35:06 PST"]
[Termination "Game drawn by repetition"]

1. d4 d5 2. c4 e6 3. Nf3 Nf6 4. g3 dxc4 5. Bg2 a6 6. a4 Nc6 7. O-O Rb8 8. a5 b5 9. axb6 cxb6 10. Bf4 Bd6 11. Ne5 Ne7 12. Nc6 Nxc6 13. Bxc6+ Ke7 14.
Bg5 h6 15. Bc1 Qc7 16. Bg2 Bb7 17. Nc3 Bxg2 18. Kxg2 b5 19. f3 b4 20. Na4 Rhd8 21. e4 e5 22. d5 Nd7 23. Be3 a5 24. Qe2 Rdc8 25. Rfc1 Kf8 26. h4 c3 27. bxc3 b3 28. Nb2 Bc5 29. c4 Bxe3 30. Qxe3 Nc5 31. Qc3 Ra8 32. Na4 Nxa4 33. Rxa4 Qb6 34. Rb1 Qb5 35. Qxb3 Qc5 36. Qc3 Kg8 37. Qxe5 Qe3 38. Qb2 Rab8 39. Qxb8 Qe2+ 40. Kh3 Rxb8 41. Rxb8+ Kh7 42. Rb3 h5 43. Rba3 Qf1+ 44. Kh2 Qf2+ 45. Kh3 Qg1 46. Ra1 Qd4 47. Rxa5 Qxc4 48. R5a3 Qe2 49. d6 Qd2 50. e5 f6 51.
f4 Qd5 52. exf6 gxf6 53. Ra5 Qe6+ 54. Kg2 Qe2+ 55. Kg1 Qe3+ 56. Kg2 Qe2+ 57. Kh3 Qg4+ 58. Kh2 Qe2+ 59. Kh3 Qg4+ 60. Kg2 Qe2+ 1/2-1/2

[Event "*** Titled Tuesday Blitz"]
[Site "Chess.com"]
[Date "2020.11.24"]
[Round "7"]
[White "anemih"]
[Black "ambaixador"]
[Result "0-1"]
[WhiteElo "2329"]
[BlackElo "2438"]
[TimeControl "180+1"]
[EndTime "11:35:06 PST"]
[Termination "ambaixador won by resignation"]

1. e4 c5 2. c3 d5 3. exd5 Qxd5 4. d4 Nf6 5. Nf3 Nc6 6. dxc5 Qxc5 7. Na3 Qb6 8. Nb5 e6 9. Be3 Qa5 10. Nd6+ Bxd6 11.
Qxd6 Qd5 12. Qxd5 Nxd5 13. Nd4 Bd7 14. g3 Nxe3 15. fxe3 Ne5 16. Bg2 O-O-O 17. O-O-O a6 18. h3 Kc7 19. b3 Bc6 20. Bxc6 bxc6 21. Rhf1 c5 22.
Nf3 Rxd1+ 23. Kxd1 Nxf3 24. Rxf3 f5 25. e4 g6 26. exf5 gxf5 27. g4 Rf8 28. Kd2 Kd6 29.
b4 cxb4 30. cxb4 Ke5 31. Ra3 f4 32. Ke2 Ke4 33. Rxa6 f3+ 34. Kf2 e5 35. b5 Kf4 36.
b6 e4 37. b7 e3+ 38. Kf1 Rb8 39. Rb6 Kg3 40. Rb1 e2+ 41. Ke1 Kg2 42. a4 Re8 43. a5 f2+ 44. Kd2 e1=Q+ 45. Kc2 Qe4+ 46. Kb2 Qxb7+ 0-1

[Event "*** Titled Tuesday Blitz"]
[Site "Chess.com"]
[Date "2020.11.24"]
[Round "7"]
[White "poneis_malditos"]
[Black "JRenatoMaranhao"]
[Result "1-0"]
[WhiteElo "2300"]
[BlackElo "1899"]
[TimeControl "180+1"]
[EndTime "11:35:06 PST"]
[Termination "poneis_malditos won by resignation"]

1. e4 c5 2. Nc3 Nc6 3. g3 g6 4. Bg2 Bg7 5. d3 Nf6 6. f4 O-O 7. Nf3 d5 8. e5 Ng4 9. h3 d4 10. hxg4 dxc3 11. Ng5 h6 12. Ne4 cxb2 13. Bxb2 Nd4 14. g5 h5 15. O-O Bg4 16. Qd2 Qb6 17.
Rab1 c4 18. Kh2 cxd3 19. Qxd3 Rfd8 20. Bxd4 Qxd4 21. Qxd4 Rxd4 22. Rxb7 Rc8 23. c3 Ra4 24. Rf2 Bf5 25. Rb4 Rxb4 26. cxb4 Rc4 27. Nc5 Rxb4 28.
Rd2 f6 29. gxf6 exf6 30. Bd5+ Kh7 31. e6 Bf8 32. Nd7 Be7 33. Bb3 a5 34. Bd5 h4 35.
Re2 a4 36. a3 hxg3+ 37. Kxg3 Rd4 38. Ba2 Rd3+ 39. Kg2 Rxa3 40. Nb6 Rc3 41. Nd5 Bd6 42. Nxc3 1-0

[Event "*** Titled Tuesday Blitz"]
[Site "Chess.com"]
[Date "2020.11.24"]
[Round "7"]
[White "Guachiney"]
[Black "sasko1234"]
[Result "1-0"]
[WhiteElo "2771"]
[BlackElo "2479"]
[TimeControl "180+1"]
[EndTime "11:35:07 PST"]
[Termination "Guachiney won on time"]

1. e4 c6 2. d4 Na6 3. Nc3 Nc7 4. Be3 d5 5. f3 g6 6. Qd2 h5 7. O-O-O Bg7 8. Kb1 Nf6 9. e5 Nd7 10. f4 b5 11. Nf3 Nb6 12. h3 Rb8 13. Qe1 Bf5 14. Nh4 e6 15. Nxf5 exf5 16. Rg1 Nc4 17. Bc1 b4 18.
Na4 Ne6 19. b3 Nb6 20. Nb2 a5 21. g4 hxg4 22. hxg4 Bf8 23. gxf5 gxf5 24. Qf2 a4 25. Nd3 axb3 26. cxb3 Qh4 27. Qe3 Bh6 28. Be2 Qe7 29. Rh1 Kd7 30. Rh5 Bg7 31. Rxf5 Rh2 32. Bg4 Ra8 33. Rd2 Rh1 34. Qf3 Rg1 35. Rg2 Rxg2 36.
Qxg2 Kc7 37. Be3 Nc4 38. bxc4 dxc4 39. Nc5 Nxc5 40. dxc5 Qd7 41. Qd2 Qe8 42. Qd6+ Kb7 43. Bf3 Rd8 44. Bxc6+ Qxc6 45. Rxf7+ 1-0

[Event "*** Titled Tuesday Blitz"]
[Site "Chess.com"]
[Date "2020.11.24"]
[Round "7"]
[White "Evgeny81"]
[Black "louis198"]
[Result "1-0"]
[WhiteElo "2724"]
[BlackElo "2543"]
[TimeControl "180+1"]
[EndTime "11:35:08 PST"]
[Termination "Evgeny81 won on time"]

1. e4 e6 2. d4 d5 3. Nc3 dxe4 4. Nxe4 Bd7 5. Nf3 Bc6 6. Bd3 Nd7 7. O-O Ngf6 8.
Ned2 a5 9. c4 Be7 10. b3 O-O 11. Bb2 b6 12. Qe2 Re8 13. Rad1 Qc8 14. Ne5 Bb7 15. Rfe1 Nf8 16. Qe3 c5 17. Qh3 Ng6 18.
Ndf3 Nf4 19. Qg3 N6h5 20. Qg4 f5 21. Qxh5 Nxh5 22. d5 exd5 23. cxd5 Bf6 24. d6 Bc6 25. Bc4+ Kf8 26. d7 Qc7 27. dxe8=Q+ Rxe8 28. Nxc6 Rxe1+ 29. Rxe1 Qxc6 30. Ne5 Bxe5 31. Bxe5 Nf6 32. a4 Ne4 33. Rd1 Qe8 34. f4 Qh5 35. Rd7 g6 36. Bb5 Qh4 37. g3 Nxg3 38. Bd6+ Kg8 39. Bc4+ Kh8 40. Be5+ 1-0